 Dungeon Crawl Stone Soup version 0.32-a0-994-gabb26cbae4 (console) character file.

Game seed: 10203556947953054133

45 Nattfarinn the Digger (level 3, -3/28 HPs)
             Began as a Gnoll Wanderer on Apr 22, 2024.
             Slain by a gnoll
             ... wielding a +0 spear
              (6 damage)
             ... on level 2 of the Dungeon.
             The game lasted 00:05:10 (1075 turns).

Nattfarinn the Digger (Gnoll Wanderer)              Turns: 1075, Time: 00:05:10

Health: -3/28      AC:  7    Str: 12    XL:     3   Next: 64%
Magic:  7/7        EV: 10    Int: 11    God:
Gold:   84         SH:  0    Dex: 12    Spells: 7/7 levels left

rFire   . . .        k - +0 mace (protect)
rCold   . . .        (no shield)
rNeg    . . .        h - +0 ring mail
rPois   .            j - +2 hat
rElec   .            (no cloak)
rCorr   .            (no gloves)
SInv    .            (no boots)
Will    .....        (no amulet)
Stlth   +            (no ring)
HPRegen 0.24/turn    (no ring)
MPRegen 0.10/turn

%: no passive effects
@: no status effects
A: fangs 1, strong nose, distributed training
a: no special abilities


You were on level 2 of the Dungeon.
You visited 1 branch of the dungeon, and saw 2 of its levels.

You collected 84 gold pieces.

Inventory:

Hand Weapons
 k - a +0 mace of protection (weapon)
Armour
 h - a +0 ring mail (worn)
 j - a +2 hat (worn)
Jewellery
 a - an amulet of magic regeneration
Scrolls
 e - a scroll of enchant weapon {unknown}
 f - 2 scrolls of teleportation {unknown}
 g - a scroll of revelation {unknown}
 i - 2 scrolls of identify {unknown}
 l - a scroll of vulnerability {unknown}
 m - a scroll of enchant armour {unknown}


   Skills:
 + Level 2.6 Fighting
 + Level 1.0 Short Blades
 + Level 1.0 Long Blades
 + Level 1.0 Axes
 + Level 1.0 Maces & Flails
 + Level 1.0 Polearms
 + Level 1.0 Staves
 + Level 1.0 Ranged Weapons
 + Level 1.0 Throwing
 + Level 1.0 Armour
 + Level 4.6 Dodging
 + Level 1.0 Stealth
 + Level 1.0 Shields
 + Level 1.0 Unarmed Combat
 + Level 2.9 Spellcasting
 + Level 0.7 Conjurations
 + Level 0.7 Hexes
 + Level 3.8 Summonings
 + Level 0.7 Necromancy
 + Level 0.7 Translocations
 + Level 0.7 Fire Magic
 + Level 0.7 Ice Magic
 + Level 0.7 Air Magic
 + Level 5.4 Earth Magic
 + Level 0.7 Alchemy
 + Level 1.0 Invocations
 + Level 2.6 Evocations
 + Level 0.8 Shapeshifting


You had 7 spell levels left.
You didn't know any spells.
Your spell library contained the following spells:

 Spells                   Type           Power      Damage    Failure   Level
 Sandblast                Erth           26%        2d8       6%          1
 Summon Small Mammal      Summ           36%        N/A       13%         1
 Passwall                 Erth           13%        N/A       19%         3
 Summon Ice Beast         Ice/Summ       6%         N/A       58%         3
 Brom's Barrelling Bould  Conj/Erth      8%         2d3       86%         4


Dungeon Overview and Level Annotations

Branches:
Dungeon (2/15)

Altars:

Shops:
D:1 ?


Innate Abilities, Weirdness & Mutations

You have very sharp teeth.
Your uncanny sense of smell can sniff out nearby items.
Your experience applies equally to all skills.


Message History

You hit the gnoll but do no damage. The gnoll closely misses you.
You hit the gnoll.
The gnoll is moderately wounded.
The gnoll hits you with a +0 flail.
* * * LOW HITPOINT WARNING * * *
You hit the gnoll. You bite the gnoll, but do no damage.
The gnoll is heavily wounded.
The gnoll hits you but does no damage. The gnoll closely misses you.
You hit the gnoll.
The gnoll is almost dead.
The gnoll misses you.
You closely miss the gnoll.
The gnoll is almost dead.
The gnoll barely misses you. The gnoll hits you with a +0 flail.
* * * LOW HITPOINT WARNING * * *
Unknown command.
You completely miss the gnoll. You bite the gnoll.
The gnoll is almost dead.
The gnoll hits you but does no damage.
You hit the gnoll.
You kill the gnoll!
Your Short Blades skill increases to level 1!
Your Long Blades skill increases to level 1!
Your Axes skill increases to level 1!
Your Maces & Flails skill increases to level 1!
Your Polearms skill increases to level 1!
Your Staves skill increases to level 1!
Your Ranged Weapons skill increases to level 1!
Your Throwing skill increases to level 1!
Your Armour skill increases to level 1!
Your Stealth skill increases to level 1!
Your Shields skill increases to level 1!
Your Unarmed Combat skill increases to level 1!
You closely miss the gnoll. The gnoll hits you but does no damage.
The gnoll closely misses you. The gnoll barely misses you.
Press: ? - help, v - describe, . - travel
Here: a gnoll, wielding a +0 spear The floor.
You barely miss the gnoll. Your bite misses the gnoll.
The gnoll hits you from afar with a +0 spear.
You die...

..#.#####....≈##...+........#
.............≈##.###........#
###.######.##≈##.# #....>...#
#........#####.# #........#
#...........##.# #........#
##.########.##.# ##########
#.# #.##.# ∆ #.# #.##.# #.#
#.##g# #.# #.##g# #.# #.##@#
#.# #.##.# #.########.##.#
#..........##$#
#############.# #.. ###


You could see 2 gnolls.

Vanquished Creatures
  2 gnolls (D:2)
  4 ball pythons
  3 endoplasms
  3 giant cockroaches
  2 goblins
  4 hobgoblins
  A quokka (D:1)
  A bat (D:2)
  2 frilled lizards (D:1)
  A rat (D:1)
23 creatures vanquished.

Notes
Turn   | Place    | Note
-------+----------+-------------------------------------------
     0 | D:1      | Nattfarinn the Gnoll Wanderer began the quest for the Orb.
     0 | D:1      | Nattfarinn set off with the following items: a +0 club, a
                  | potion of curing, a +0 leather armour, a +0 helmet; and the
                  | following spells available to memorise: Sandblast, Summon
                  | Small Mammal, Passwall, Summon Ice Beast, Brom's Barrelling
                  | Boulder.
     0 | D:1      | Reached XP level 1. HP: 17/17 MP: 4/4
    85 | D:1      | Found Locegg's Magic Scroll Shop.
   121 | D:1      | Reached XP level 2. HP: 18/23 MP: 5/5
  1007 | D:2      | Reached XP level 3. HP: 26/28 MP: 7/7
  1035 | D:2      | Reached skill level 1 in Invocations
  1074 | D:2      | Reached skill level 1 in Short Blades
  1074 | D:2      | Reached skill level 1 in Long Blades
  1074 | D:2      | Reached skill level 1 in Axes
  1074 | D:2      | Reached skill level 1 in Maces & Flails
  1074 | D:2      | Reached skill level 1 in Polearms
  1074 | D:2      | Reached skill level 1 in Staves
  1074 | D:2      | Reached skill level 1 in Ranged Weapons
  1074 | D:2      | Reached skill level 1 in Throwing
  1074 | D:2      | Reached skill level 1 in Armour
  1074 | D:2      | Reached skill level 1 in Stealth
  1074 | D:2      | Reached skill level 1 in Shields
  1074 | D:2      | Reached skill level 1 in Unarmed Combat
  1075 | D:2      | Slain by a gnoll

Illustrated notes

Levels and vault maps discovered:
D:1:      dpeg_arrival_solitude, layout_basic, serial_shops,
          nicolae_shop_statue_plus
D:2:      layout_basic, chequers_serial_rivers_micro_e

Skill      XL: |  1  2  3 |
---------------+----------+-----
Invocations    | 1 |  1.0
Short Blades   | 1 |  1.0
Long Blades    | 1 |  1.0
Axes           | 1 |  1.0
Maces & Flails | 1 |  1.0
Polearms       | 1 |  1.0
Staves         | 1 |  1.0
Ranged Weapons | 1 |  1.0
Throwing       | 1 |  1.0
Armour         | 1 |  1.0
Stealth        | 1 |  1.0
Shields        | 1 |  1.0
Unarmed Combat | 1 |  1.0
Fighting       | |  2.6
Dodging        | |  4.6
Spellcasting   | |  2.9
Conjurations   | |  0.7
Hexes          | |  0.7
Summonings     | |  3.8
Necromancy     | |  0.7
Translocations | |  0.7
Fire Magic     | |  0.7
Ice Magic      | |  0.7
Air Magic      | |  0.7
Earth Magic    | |  5.4
Alchemy        | |  0.7
Evocations     | |  2.6
Shapeshifting  | |  0.8

Action                     || total
---------------------------++-------
  Melee: Club              ||    50
         Bite              ||    11
         Mace              ||    40
    Use: Potion            ||     3
 Armour: Leather armour    ||    36
         Ring mail         ||    50
  Dodge: Dodged            ||    79

Table legend: (Time is in decaauts)
 A = Elapsed time spent in this place.
 B = Non-inter-level travel time spent in this place.
 C = Inter-level travel time spent in this place.
 D = Time resting spent in this place.
 E = Time spent auto-exploring this place.
 F = Levels seen in this place.
 G = Mean time per level.
                   A        B        C        D        E       F      G
               +--------+--------+--------+--------+--------+-----+--------+
         Total |   1102 |   1015 |     87 |      0 |    743 |   2 |  551.0 |
       Dungeon |   1102 |   1015 |     87 |      0 |    743 |   2 |  551.0 |
               +--------+--------+--------+--------+--------+-----+--------+

Top non-repeatable levels by time:
     D:1: 712 daAuts
     D:2: 390 daAuts
